 Dungeon Crawl Stone Soup version 0.28.0-53-g5a82cb258f (webtiles) character file.

Game seed: 69469265162556688

10217 Peloso the Carver (level 11, -2/93 (97) HPs)
             Began as a Minotaur Fighter on June 5, 2022.
             Was a High Priest of Okawaru.
             Slain by a gargoyle
             ... wielding a +0 dire flail
              (6 damage)
             ... while petrified by a catoblepas
             ... in a Gauntlet.
             The game lasted 00:23:05 (12620 turns).

Peloso the Carver (Minotaur Fighter)               Turns: 12620, Time: 00:23:05

HP:   -2/93 (97)    AC: 16    Str: 24    XL:     11   Next: 33%
MP:   11/11         EV:  2    Int:  5    God:    Okawaru [*****.]
Gold: 661           SH:  0    Dex: 11    Spells: 10/10 levels left

rFire   . . .      SeeInvis .   a - +2 scimitar (flame)
rCold   + . .      Faith    .   c - +0 buckler
rNeg    + + +      Spirit   .   z - +1 chain mail
rPois   ∞          Reflect  .   (helmet restricted)
rElec   .          Harm     .   n - +0 cloak
rCorr   +          Rampage  .   (no gloves)
Will    .....      NoTele   +   (no boots)
Stlth   +.........              (no amulet)
HPRegen 0.25/turn               u - ring of protection from cold
MPRegen 0.12/turn               x - ring of resist corrosion

@: petrified, heroic, lightly drained, invisible
A: horns 2, retaliatory headbutt
a: Renounce Religion, Heroism, Finesse, Duel


You were in a Gauntlet.
You worshipped Okawaru.
Okawaru was extremely pleased with you.
You visited 2 branches of the dungeon, and saw 12 of its levels.
You also visited: Gauntlet.

You collected 685 gold pieces.
You spent 24 gold pieces at shops.

Inventory:

Hand Weapons
 a - a +2 scimitar of flaming (weapon)
Missiles
 K - 6 throwing nets (quivered)
Armour
 b - a +0 scale mail
 c - a +0 buckler (worn)
 n - a +0 cloak (worn)
 z - a +1 chain mail (worn)
Jewellery
 u - a ring of protection from cold (left hand)
 x - a ring of resist corrosion (right hand)
 D - an amulet of the acrobat
Wands
 p - a wand of acid (12)
 s - a wand of iceblast (10)
 v - a wand of paralysis (13)
 w - a wand of polymorph (20)
Scrolls
 f - a scroll of fog
 i - a scroll of blinking
 j - 2 scrolls of vulnerability
 k - 5 scrolls of teleportation
 o - a scroll of amnesia
 y - a scroll of enchant weapon
 A - a scroll of torment {unknown}
 B - a scroll of immolation
 C - a scroll of acquirement {unknown}
 H - 4 scrolls of enchant armour
 I - a scroll of fear
 J - a scroll of holy word
Potions
 d - a potion of might
 e - a potion of brilliance
 g - a potion of cancellation
 h - a potion of berserk rage
 t - 2 potions of flight
 F - 2 potions of curing
 G - 2 potions of haste
 L - a potion of magic
 N - a potion of mutation


   Skills:
 + Level 9.3(14.3) Fighting
 + Level 12.7(17.7) Long Blades
 + Level 11.5(16.5) Armour
 + Level 4.2(9.2) Dodging
 + Level 3.0(8.0) Stealth
 + Level 7.9(12.9) Shields
 + Level 2.2 Invocations
 + Level 1.9 Evocations


You had 10 spell levels left.
You didn't know any spells.
Your spell library contained the following spells:

 Spells                   Type           Power      Damage    Failure   Level
 Apportation              Tloc           0%         N/A       94%         1
 Beastly Appendage        Tmut           0%         N/A       94%         1
 Ensorcelled Hibernation  Hex/Ice        0%         N/A       98%         2
 Passwall                 Tmut/Erth      0%         N/A       98%         2
 Static Discharge         Conj/Air       0%         N/A       98%         2
 Wereblood                Tmut           0%         N/A       98%         2
 Gell's Gravitas          Tloc           0%         N/A       100%        3
 Spider Form              Tmut/Pois      0%         N/A       100%        3
 Swiftness                Air            0%         N/A       100%        3
 Teleport Other           Tloc           0%         N/A       100%        3
 Anguish                  Hex/Necr       0%         N/A       100%        4
 Dispel Undead            Necr           0%         3d6       100%        4
 Sticky Flame             Conj/Fire      0%         2d3       100%        4
 Alistair's Intoxication  Tmut/Pois      0%         N/A       100%        5
 Dispersal                Tloc           0%         N/A       100%        6
 Enfeeble                 Hex            0%         N/A       100%        7
 Animate Skeleton         Necr           Unusable   N/A       N/A         1
 Summon Small Mammal      Summ           Unusable   N/A       N/A         1
 Tukima's Dance           Hex            Unusable   N/A       N/A         3

Dungeon Overview and Level Annotations

Branches:
Dungeon (11/15)            Temple (1/1) D:6            Lair (0/6) D:8
    Orc (0/2) D:10        Gauntlet (1/1)

Altars:
Ashenzari
Cheibriados
Dithmenos
Elyvilon
Fedhas
Gozag
Kikubaaqudgha
Makhleb
Nemelex Xobeh
Okawaru
Qazlal
Ru
Sif Muna
Trog
Uskayaw
Vehumet
Wu Jian
Xom
Yredelemnul
Zin
The Shining One

Shops:
D:7 *   D:9 *

Annotations:
D:5 3 runed translucent doors, BinaryByto's ghost, novice MiFi; CInkIbrahim's ghost, novice GrGl; Peloso's ghost, amateur MiFi; Robocop's ghost, novice HOFi; duchin's ghost, weakling VSDe Gauntlet 13 transporters, 5 runed translucent doors


Innate Abilities, Weirdness & Mutations

You have a pair of horns on your head.
You reflexively headbutt those who attack you in melee.


Message History

You slice the catoblepas!! You burn the catoblepas.
You headbutt the catoblepas, but do no damage.
The catoblepas is heavily wounded.
You are slowing down.
The catoblepas breathes a plume of calcifying dust at you.
The blast of calcifying dust hits you but does no damage.
The blast of calcifying dust hits the gargoyle!
You hit the catoblepas but do no damage.
You headbutt the catoblepas, but do no damage.
The catoblepas is heavily wounded.
Your limbs have turned to stone.
The gargoyle hurls a stone arrow at you.
The stone arrow hits you! The catoblepas barely misses you.
The gargoyle hurls a stone arrow at you.
You block the stone arrow.
You have turned to stone.
The catoblepas gores you!! The gargoyle hits you with a +0 mace.
The catoblepas gores you but does no damage.
The gargoyle hits you with a +0 dire flail.
The gargoyle hits you with a +0 mace!
The catoblepas stomps with a crash on the ground.
The catoblepas breathes a plume of calcifying dust at you.
The blast of calcifying dust hits you but does no damage.
The blast of calcifying dust hits the gargoyle.
The gargoyle hits you with a +0 dire flail!!
The gargoyle hits you with a +0 mace!
* * * LOW HITPOINT WARNING * * *
The catoblepas gores you but does no damage.
The gargoyle hurls a stone arrow at you.
The stone arrow hits you!!
* * * LOW HITPOINT WARNING * * *
The gargoyle hurls a stone arrow at you.
The stone arrow hits you!
* * * LOW HITPOINT WARNING * * *
The catoblepas breathes a plume of calcifying dust at you.
The blast of calcifying dust hits you!
* * * LOW HITPOINT WARNING * * *
The blast of calcifying dust hits the gargoyle.
The gargoyle hits you with a +0 dire flail!
You die...

#≈≈≈#≈≈≈#≈≈≈#≈≈≈#≈≈≈#≈≈≈#
......................≈#
#######...#########...##
.#....#.8.#.......#...≈##
.#.##.#...#....#..#..∩≈≈#
#+.##.#####...###.#...≈##
.+...©#©.©#©.#©#..#©..##
#+#####...#?###.9.#...≈##
....wY#...#..#§9@Y#..∩≈≈#
....YY#8©8#.......#...≈##
###################...##
......................≈#
#≈≈≈#≈≈≈#≈≈≈#≈≈≈#≈≈≈#≈≈≈#
##≈###≈###≈###≈###≈###≈##
### ### ### ### ### ## #


You could see a catoblepas and 2 gargoyles.

Vanquished Creatures
  Harold (D:9)
  Erica (D:9)
  A two-headed ogre (D:8)
  A tengu warrior (D:11)
  3 cyclopes
  5 centaur zombies
  Joseph (D:7)
  An unseen horror (D:10)
  Maggie (D:9)
  A kobold demonologist (D:9)
  A komodo dragon (D:11)
  A troll (D:9)
  A hornet (D:10)
  A wyvern (D:9)
  3 wargs (D:8)
  3 water moccasins
  An acid dragon (D:9)
  3 orc warriors
  A black bear (D:4)
  3 centaurs
  3 ogres
  A phantom (D:7)
  2 kobold brigands (D:7)
  A gnoll sergeant (D:8)
  2 bullfrogs
  A scorpion (D:7)
  A water moccasin zombie (D:5)
  A water moccasin skeleton (D:6)
  4 wights (D:8)
  11 killer bees (D:9)
  6 howler monkeys
  2 bullfrog zombies
  3 jellies
  7 orc priests
  2 hounds (D:4)
  2 iguanas
  Crazy Yiuf (D:2)
  A centaur skeleton (D:7)
  A bullfrog skeleton (D:4)
  6 orc wizards
  A howler monkey zombie (D:9)
  Robin (D:3)
  5 gnolls
  6 adders
  A white imp (D:6)
  An ufetubus (D:6)
  An adder skeleton (D:4)
  A worm (D:4)
  A dart slug (D:3)
  51 orcs
  9 ball pythons
  5 bats
  9 endoplasms
  3 giant cockroaches
  8 hobgoblins
  5 jackals
  4 quokkas
  5 frilled lizards
  18 goblins
  16 kobolds
  4 rats
247 creatures vanquished.

Notes
Turn   | Place    | Note
-------+----------+-------------------------------------------
     0 | D:1      | Peloso the Minotaur Fighter began the quest for the Orb.
     0 | D:1      | Reached XP level 1. HP: 19/19 MP: 0/0
   316 | D:1      | Reached XP level 2. HP: 27/27 MP: 1/1
  1094 | D:2      | Reached XP level 3. HP: 33/33 MP: 2/2
  1115 | D:2      | Found a runed translucent door.
  1116 | D:2      | Noticed Crazy Yiuf
  1496 | D:2      | Reached skill level 3 in Long Blades
  1708 | D:2      | Killed Crazy Yiuf
  1709 | D:2      | Reached XP level 4. HP: 35/41 MP: 3/3
  1995 | D:3      | Noticed Robin
  2013 | D:3      | Killed Robin
  2014 | D:3      | Reached skill level 1 in Dodging
  2016 | D:3      | Reached XP level 5. HP: 26/47 MP: 4/4
  2179 | D:3      | Reached skill level 4 in Long Blades
  2439 | D:3      | Found a faded altar of an unknown god.
  2643 | D:3      | Found a blossoming altar of Fedhas.
  2643 | D:3      | Found a white marble altar of Elyvilon.
  2797 | D:4      | Noticed a centaur
  2807 | D:4      | Killed a centaur
  2808 | D:4      | Reached skill level 5 in Armour
  3151 | D:4      | Reached skill level 5 in Shields
  3151 | D:4      | Reached XP level 6. HP: 43/53 MP: 5/5
  3216 | D:5      | Entered Level 5 of the Dungeon
  3232 | D:5      | Reached skill level 5 in Long Blades
  3734 | D:5      | Found a runed translucent gate.
  3734 | D:5      | Found a runed translucent gate.
  3735 | D:5      | Found a runed translucent gate.
  3735 | D:5      | Noticed Peloso's ghost (amateur MiFi)
  3737 | D:5      | Noticed BinaryByto's ghost (novice MiFi)
  3737 | D:5      | Noticed duchin's ghost (weakling VSDe)
  3737 | D:5      | Noticed Robocop's ghost (novice HOFi)
  3737 | D:5      | Noticed CInkIbrahim's ghost (novice GrGl)
  3812 | D:5      | Reached XP level 7. HP: 58/60 MP: 6/6
  4076 | D:4      | Reached skill level 1 in Stealth
  4366 | D:4      | Reached skill level 6 in Long Blades
  4508 | D:4      | Reached skill level 5 in Fighting
  4954 | D:5      | Identified the +1 robe of the Flute {rF+}
  5213 | D:5      | Reached XP level 8. HP: 27/68 MP: 7/7
  5426 | D:6      | Reached skill level 7 in Long Blades
  5887 | D:6      | Found a staircase to the Ecumenical Temple.
  5897 | Temple   | Entered the Ecumenical Temple
  5937 | Temple   | Became a worshipper of Warmaster Okawaru
  6055 | D:7      | Reached skill level 8 in Long Blades
  6189 | D:7      | Reached * piety under Okawaru
  6570 | D:7      | Noticed Joseph
  6587 | D:7      | Killed Joseph
  6588 | D:7      | Reached skill level 9 in Long Blades
  6588 | D:7      | Reached XP level 9. HP: 67/78 MP: 8/8
  6610 | D:7      | Found a broken altar of Ashenzari.
  6629 | D:7      | Reached skill level 1 in Evocations
  6929 | D:7      | Found Geddefug's Neck Hole.
  6985 | D:7      | Found a bloodstained altar of Trog.
  7074 | D:7      | Found Usafau's General Store.
  7109 | D:8      | Noticed a cyclops
  7120 | D:8      | Killed a cyclops
  7358 | D:8      | Reached ** piety under Okawaru
  7359 | D:8      | Reached skill level 10 in Long Blades
  8192 | D:8      | Noticed a two-headed ogre
  8229 | D:8      | HP: 2/80 [two-headed ogre/+0 giant club (13)]
  8233 | D:8      | Killed a two-headed ogre
  8234 | D:8      | Reached skill level 1 in Invocations
  8234 | D:8      | Reached XP level 10. HP: 15/88 MP: 9/9
  8554 | D:8      | Found a staircase to the Lair.
  8572 | D:8      | Reached *** piety under Okawaru
  8863 | D:9      | Reached skill level 11 in Long Blades
  9178 | D:9      | Found Xoze's General Store.
  9183 | D:9      | Bought a scroll of identify for 24 gold pieces
  9235 | D:9      | Noticed Erica
  9245 | D:9      | Killed Erica
  9246 | D:9      | Reached skill level 10 in Armour
  9493 | D:9      | Noticed Harold
  9502 | D:9      | Noticed Maggie
  9507 | D:9      | Killed Harold
  9507 | D:9      | Reached **** piety under Okawaru
  9514 | D:9      | Killed Maggie
  9658 | D:9      | Found a basalt altar of Yredelemnul.
  9787 | D:9      | Noticed a cyclops
  9800 | D:9      | Killed a cyclops
  9801 | D:9      | Reached skill level 12 in Long Blades
  9926 | D:10     | Entered Level 10 of the Dungeon
  9926 | D:10     | Found an ornate altar of the Wu Jian Council.
  9936 | D:10     | Received a gift from Okawaru
 10714 | D:9      | Reached XP level 11. HP: 85/95 MP: 8/11
 12077 | D:10     | Received a gift from Okawaru
 12167 | D:10     | Found a staircase to the Orcish Mines.
 12382 | D:11     | Noticed a tengu warrior
 12391 | D:11     | HP: 4/86 [tengu warrior/+0 great mace of draining (2)]
 12393 | D:11     | Killed a tengu warrior
 12393 | D:11     | Reached ***** piety under Okawaru
 12447 | D:11     | Found a gate leading to a gauntlet.
 12456 | Gauntlet | Entered a Gauntlet
 12456 | Gauntlet | Found a transporter.
 12461 | Gauntlet | Found a transporter.
 12461 | Gauntlet | Noticed a catoblepas
 12465 | Gauntlet | Found a transporter.
 12470 | Gauntlet | Found a transporter.
 12473 | Gauntlet | Found a runed translucent gate.
 12473 | Gauntlet | Found a runed translucent gate.
 12477 | Gauntlet | Found a runed translucent gate.
 12478 | Gauntlet | Found a transporter.
 12482 | Gauntlet | Found a transporter.
 12487 | Gauntlet | Found a transporter.
 12494 | Gauntlet | Found a transporter.
 12498 | Gauntlet | Found a transporter.
 12502 | Gauntlet | Found a runed translucent door.
 12502 | Gauntlet | Found a runed translucent door.
 12503 | Gauntlet | Found a transporter.
 12510 | Gauntlet | Found a transporter.
 12510 | Gauntlet | Noticed a ghost crab
 12514 | Gauntlet | Found a transporter.
 12519 | Gauntlet | Found a transporter.
 12520 | Gauntlet | Noticed a large abomination
 12526 | Gauntlet | Found a transporter.
 12526 | Gauntlet | Noticed a large abomination
 12620 | Gauntlet | HP: 4/93 [catoblepas/blast of calcifying dust (5)]
 12620 | Gauntlet | Slain by a gargoyle

Illustrated notes

Levels and vault maps discovered:
D:1:      lightli_arrival_boilingwater, layout_basic
D:2:      layout_rooms, uniq_crazy_yiuf_cottage
D:3:      layout_loops_cross, gammafunk_temple_overflow_elements,
          hellmonk_ecumenical_altar_inner_sanctum, uniq_robin
D:4:      layout_layer_cave, minmay_between
D:5:      layout_rooms, gammafunk_ghost_cemetery, st_stairs_13, nrook_campfire,
          minmay_misc_feat_x
D:6:      layout_cave_pools, minmay_temple_entry_antechambers
D:7:      layout_rooms, mainiacjoe_overflow_brackets, amcnicky_altar_gilded,
          nicolae_take_the_stairs, nicolae_shop_sticking_my_neck_out,
          uniq_joseph
D:8:      layout_rooms, erik_lair_orcish_takeover, grunt_decor_fettered
D:9:      layout_loops_ring, mainiacjoe_overflow_alcove_1, serial_shops, shop,
          kennysheep_generic_room_16, uniq_erica, uniq_maggie, uniq_harold
D:10:     layout_cross, mainiacjoe_overflow_catwalk, hiddenorc2_lemuel
D:11:     layout_roguey, gauntlet_entry_generic, nicolae_shop_clearance
Temple:   nicolae_temple_x_marks_the_god
Gauntlet: gammafunk_gauntlet_77_escape_option
          [minmay_gauntlet_arena_77_double_cross,
          minmay_gauntlet_arena_77_run_for_it,
          minmay_gauntlet_arena_77_squiggly,
          minmay_gauntlet_arena_77_shame_cube, minmay_gauntlet_arena_77_fan,
          gauntlet_exit_hidden_loot]

Skill      XL: |  1  2  3  4  5  6  7  8  9 10 11 |
---------------+----------------------------------+-----
Armour         | 4 5 6 7 8 9 10 11 | 11.5
Fighting       | 4 5 6 7 8 9 |  9.3
Shields        | 4 5 6 7 |  7.9
Long Blades    | 3 4 5 6 9 10 12 | 12.7
Dodging        | 1 2 3 4 |  4.2
Stealth        | 1 2 3 |  3.0
Evocations     | 1 |  1.9
Invocations    | 1 2 |  2.2

Action                   |  1- 3 |  4- 6 |  7- 9 | 10-12 || total
-------------------------+-------+-------+-------+-------++-------
Melee: Long sword        |    94 |   122 |   252 |    58 ||   526
       Headbutt          |     7 |    19 |    52 |    46 ||   124
       Scimitar          |       |       |       |   176 ||   176
Invok: Heroism           |       |       |     4 |    13 ||    17
Evoke: Wand              |       |     1 |     6 |     1 ||     8
  Use: Scroll            |       |       |     8 |    14 ||    22
       Potion            |       |       |     5 |     3 ||     8
 Stab: Paralysed         |       |       |     5 |     3 ||     8
Armor: Scale mail        |    55 |    80 |    30 |       ||   165
       Chain mail        |       |       |   131 |   155 ||   286
Dodge: Dodged            |    55 |    75 |   150 |   135 ||   415
Block: Buckler           |    22 |    41 |    70 |    82 ||   215
